Match 47474505
Unlisted

Match 47474505
End
Pioneer Squad
Construct Infanterie Kompanie
Selects Mechanized Battlegroup
MG 42 Machine Gun Team
GrW 34 Mortar Team
Grenadier Squad
Construct Luftwaffe Kompanie
Jäger Squad
Jäger Squad
Selects Raid Package
Jäger Squad
Jäger Squad
Selects StuG Assault Group
StuG Assault Group
Support Elements
Marder III M Tank Destroyer
Selects UNKNOWN (2160084)
Selects Spotting Scopes
[PD]Lurgi
General Feldsalat
[PD] [9C] [FT] Claudius Tacitus
Lutze
Jm200092
Dream Migi
Shamtu™ ☆☆ Bimberek
Dadical
0
0

Comments sign in to comment!

No comments posted yet!